 Dungeon Crawl Stone Soup version 0.26.0-18-gc5c842f807 (webtiles) character file.

Game seed: 11406213384951294642

5435 sipior the Zephyrmancer (level 10, -6/61 HPs)
             Began as a Tengu Air Elementalist on Jan 23, 2021.
             Was an Elder of Vehumet.
             Mangled by a blink frog (13 damage)
             ... on level 1 of the Lair of Beasts on Jan 24, 2021.
             The game lasted 01:01:05 (14587 turns).

sipior the Zephyrmancer (Tengu Air Elementalist)   Turns: 14587, Time: 01:01:05

Health: -6/61      AC: 10    Str: 11    XL:     10   Next: 68%
Magic:  17/20      EV: 14    Int: 17    God:    Vehumet [****..]
Gold:   608        SH:  0    Dex: 14    Spells: 1/22 levels left

rFire    + . .     SeeInvis +   a - +0 scimitar (elec)
rCold    + . .     Faith    .   (no shield)
rNeg     . . .     Spirit   .   E - +0 ring mail {rC+}
rPois    .         Reflect  .   (helmet restricted)
rElec    .         Harm     .   c - +1 cloak
rCorr    .         Rampage  .   G - +1 pair of gloves
Will     .....                  (boots unavailable)
Stlth    +.........             (no amulet)
HPRegen  0.20/turn              n - ring of see invisible
MPRegen  0.17/turn              u - ring of protection from fire

@: about to teleport, flying quickly and evasively, quick
A: beak, talons 3, able to fly
a: Stop Flying, Renounce Religion


You were on level 1 of the Lair of Beasts.
You worshipped Vehumet.
Vehumet was greatly pleased with you.
You visited 3 branches of the dungeon, and saw 12 of its levels.

You collected 1543 gold pieces.
You spent 935 gold pieces at shops.

Inventory:

Hand Weapons
 a - a +0 scimitar of electrocution (weapon)
 b - a +2 dagger of venom
Missiles
 j - 108 poisoned darts (quivered)
 v - 2 throwing nets
Armour
 c - a +1 cloak (worn)
 E - a +0 ring mail of cold resistance (worn)
 G - a +1 pair of gloves (worn)
Jewellery
 n - a ring of see invisible (left hand)
 u - a ring of protection from fire (right hand)
Wands
 e - a wand of disintegration (3)
 o - a wand of flame (11)
 p - a wand of iceblast (7)
 y - a wand of random effects (7)
 D - a wand of polymorph (19)
 F - a wand of paralysis (7)
Scrolls
 k - 3 scrolls of teleportation
 l - 2 scrolls of remove curse
 r - 2 scrolls of amnesia
 s - 6 scrolls of fear
 w - 5 scrolls of magic mapping
Potions
 d - 2 potions of invisibility
 f - 4 potions of curing
 h - a potion of mutation
 q - a potion of lignification
 t - a potion of magic
 x - 2 potions of attraction
 z - 5 potions of haste
 A - a potion of might
 B - 3 potions of berserk rage
 H - 2 potions of resistance
 J - 4 potions of ambrosia


   Skills:
 + Level 6.9 Fighting
 - Level 0.4 Long Blades
 - Level 5.0 Armour
 - Level 4.0 Dodging
 - Level 2.0 Stealth
 + Level 6.6 Spellcasting
 + Level 9.2 Conjurations
 + Level 10.0 Air Magic
 + Level 3.6 Poison Magic


You had one spell level left.
You knew the following spells:

 Your Spells              Type           Power        Failure   Level
a - Shock                 Conj/Air       100%         1%          1
b - Swiftness             Air            39%          1%          2
c - Static Discharge      Conj/Air       38%          1%          3
d - Airstrike             Air            19%          1%          4
e - Lightning Bolt        Conj/Air       19%          4%          5
f - Mephitic Cloud        Conj/Pois/Air  31%          1%          3
g - Frozen Ramparts       Ice            10%          21%         3

Your spell library contained the following spells:

 Spells                   Type           Power        Failure   Level
 Olgreb's Toxic Radiance  Pois           17%          16%         4


Dungeon Overview and Level Annotations

Branches:
Dungeon (10/15)            Temple (1/1) D:6            Lair (1/6) D:9
    Orc: D:9-12

Altars:
Ashenzari
Cheibriados
Dithmenos
Elyvilon
Fedhas
Gozag
Hepliaklqana
Kikubaaqudgha
Makhleb
Nemelex Xobeh
Okawaru
Qazlal
Ru
Sif Muna
Trog
Uskayaw
Vehumet
Wu Jian
Xom
Yredelemnul
Zin
The Shining One
Beogh

Shops:
D:5 ?


Innate Abilities, Weirdness & Mutations

You have a beak for a mouth.
You have claws for feet.
You can fly continuously.


Message History

The blink frog misses you.
The yak is engulfed in noxious fumes.
The yak appears confused.
The blink frog hits the yak.
The blink frog is engulfed in noxious fumes.
The blink frog blinks!
The blink frog is engulfed in noxious fumes.
The blink frog appears confused.
The yak is engulfed in noxious fumes.
The blink frog hits the yak.
The yak is engulfed in noxious fumes.
A nearby fungus withers and dies.
The blink frog hits you!
* * * LOW HITPOINT WARNING * * *
The blink frog hits you!
* * * LOW HITPOINT WARNING * * *
As you read the scroll of teleportation, it crumbles to dust.
You feel strangely unstable. The yak gores you.
* * * LOW HITPOINT WARNING * * *
The blink frog closely misses you.
You riposte.
You miss the blink frog. You claw the blink frog.
The blink frog is lightly wounded.
The blink frog barely misses the yak.
The blink frog hits itself!
You feel better. The blink frog hits you!
You die...

##......## #..##
##.......#####..#
#...........Y...##
#...P..........F.#
##............°..##
##...P..P≈..≈P...F.#
#.....:.≈≈.≈≈...YY##
#......≈≈..≈≈≈PFY##
.......≈≈≈..≈F≈≈@#*
........≈≈≈≈≈≈≈≈..#
..........≈≈≈≈≈≈.##
...#...P.....≈≈...*
..##.....P.^.P...#*
.#**.............#
#* *....####.#####
## ****** ##* .#*


You could see 4 yaks and 4 blink frogs.

Vanquished Creatures
  A rime drake (D:6)
  A queen bee (D:10)
  A soldier ant (D:10)
  A sky beast (D:5)
  2 ice beasts
  A phantom (D:9)
  A necrophage (D:8)
  5 orc warriors
  2 black bears
  4 ogres
  3 centaurs
  A gnoll sergeant (D:9)
  6 bullfrogs
  A water moccasin zombie (D:9)
  3 scorpions
  27 killer bees
  3 howler monkeys
  A crimson imp (D:3)
  A quasit (D:7)
  3 hounds
  A gnoll shaman (D:7)
  5 orc priests
  7 orc wizards
  3 bullfrog skeletons
  An iguana (D:7)
  4 worker ants
  2 hound zombies (D:9)
  2 hound skeletons
  8 gnolls
  A howler monkey skeleton (D:8)
  18 adders
  3 shadow imps
  2 white imps
  An ufetubus (D:6)
  3 worms
  A dart slug (D:2)
  7 leopard geckos
  43 orcs
  4 giant cockroaches
  11 goblins
  4 hobgoblins
  8 jackals
  4 quokkas
  4 ball pythons
  5 bats
  8 frilled lizards
  A jackal skeleton (D:4)
  2 kobolds
  A leopard gecko zombie (D:7)
  A quokka zombie (D:5)
  8 rats
241 creatures vanquished.

Vanquished Creatures (collateral kills)
  3 killer bees (D:10)
3 creatures vanquished.

Vanquished Creatures (others)
  2 killer bees (D:10)
  9 fungi
  9 plants
20 creatures vanquished.

Grand Total: 264 creatures vanquished

Notes
Turn   | Place    | Note
-------+----------+-------------------------------------------
     0 | D:1      | sipior the Tengu Air Elementalist began the quest for the
                  | Orb.
     0 | D:1      | Reached XP level 1. HP: 10/10 MP: 4/4
   277 | D:1      | Reached XP level 2. HP: 16/16 MP: 4/6
   299 | D:1      | Learned a level 2 spell: Swiftness
   950 | D:2      | Reached XP level 3. HP: 20/20 MP: 4/7
  1351 | D:2      | Reached skill level 1 in Fighting
  2346 | D:2      | Reached XP level 4. HP: 25/25 MP: 5/8
  2760 | D:3      | Found a burning altar of Makhleb.
  2760 | D:3      | Found a radiant altar of Vehumet.
  2865 | D:3      | Became a worshipper of Vehumet
  3182 | D:3      | Gained mutation: You can fly continuously. [Tengu growth]
  3182 | D:3      | Reached XP level 5. HP: 30/30 MP: 6/9
  3557 | D:3      | Reached skill level 5 in Air Magic
  4439 | D:3      | Found an ancient bone altar of Kikubaaqudgha.
  4511 | D:3      | Reached * piety under Vehumet
  4511 | D:3      | Offered knowledge of Foxfire by Vehumet.
  4893 | D:4      | Reached XP level 6. HP: 35/35 MP: 4/11
  5374 | D:4      | Found an iron altar of Okawaru.
  5457 | D:4      | Found Jewnomae's Gadget Shoppe.
  5483 | D:4      | Found a blossoming altar of Fedhas.
  5723 | D:4      | Reached XP level 7. HP: 40/40 MP: 8/13
  5898 | D:4      | Found a shimmering blue altar of Sif Muna.
  5956 | D:5      | Entered Level 5 of the Dungeon
  6038 | D:5      | Reached skill level 1 in Armour
  6038 | D:5      | Reached skill level 6 in Air Magic
  6297 | D:5      | Found Jumuad's Magic Scroll Boutique.
  6330 | D:5      | Reached skill level 5 in Conjurations
  7002 | D:6      | Reached XP level 8. HP: 42/48 MP: 9/15
  7400 | D:6      | Offered knowledge of Magic Dart by Vehumet.
  7404 | D:6      | Reached ** piety under Vehumet
  7472 | D:6      | Found a staircase to the Ecumenical Temple.
  7481 | Temple   | Entered the Ecumenical Temple
  7725 | D:6      | Reached skill level 7 in Air Magic
  7733 | D:6      | Learned a level 3 spell: Static Discharge
  7738 | D:6      | Learned a level 4 spell: Airstrike
  7744 | D:6      | Learned a level 5 spell: Lightning Bolt
  8654 | D:7      | Noticed Joseph
  9080 | D:6      | Noticed Joseph
  9080 | D:6      | Joseph changed into Joseph the rime drake
  9083 | D:6      | Killed Joseph the rime drake
  9084 | D:6      | Reached skill level 5 in Fighting
  9084 | D:6      | Reached skill level 5 in Spellcasting
  9084 | D:6      | Reached XP level 9. HP: 54/54 MP: 8/17
  9266 | D:7      | Reached skill level 8 in Air Magic
 10304 | D:8      | Found a white marble altar of Elyvilon.
 10535 | D:8      | Reached skill level 5 in Armour
 10776 | D:8      | Offered knowledge of Mephitic Cloud by Vehumet.
 10953 | D:8      | Learned a level 3 spell: Mephitic Cloud
 11134 | D:9      | Reached skill level 1 in Poison Magic
 11294 | D:9      | Reached skill level 9 in Air Magic
 11370 | D:9      | Found a staircase to the Lair.
 11375 | D:9      | Reached XP level 10. HP: 60/60 MP: 15/19
 11460 | D:9      | Reached *** piety under Vehumet
 11942 | D:9      | Found a shimmering altar of Xom.
 11970 | D:9      | Offered knowledge of Frozen Ramparts by Vehumet.
 11978 | D:9      | Learned a level 3 spell: Frozen Ramparts
 12470 | D:5      | Bought a scroll of acquirement for 520 gold pieces
 12472 | D:5      | Acquired 784 gold pieces
 12476 | D:5      | Bought a scroll of identify for 20 gold pieces
 12476 | D:5      | Bought a scroll of teleportation for 30 gold pieces
 12476 | D:5      | Bought a scroll of fear for 35 gold pieces
 12476 | D:5      | Bought a scroll of brand weapon for 200 gold pieces
 12476 | D:5      | Bought a scroll of magic mapping for 35 gold pieces
 12476 | D:5      | Bought a scroll of remove curse for 30 gold pieces
 12476 | D:5      | Bought a scroll of magic mapping for 35 gold pieces
 12476 | D:5      | Bought a scroll of teleportation for 30 gold pieces
 12599 | D:9      | Found a roughly hewn altar of Beogh.
 12866 | D:10     | Entered Level 10 of the Dungeon
 12950 | D:10     | Reached **** piety under Vehumet
 12989 | D:10     | Offered knowledge of Olgreb's Toxic Radiance by Vehumet.
 13586 | D:10     | Reached skill level 10 in Air Magic
 13781 | D:10     | Found a sparkling altar of Nemelex Xobeh.
 14482 | Lair:1   | Entered Level 1 of the Lair of Beasts
 14540 | Lair:1   | Noticed a black mamba
 14549 | Lair:1   | Noticed a cane toad
 14586 | Lair:1   | HP: 1/61 [yak (4)]
 14587 | Lair:1   | Mangled by a blink frog

Illustrated notes

Levels and vault maps discovered:
D:1:      arrival_zaba_pyramid, layout_rooms, minmay_crystal_water
D:2:      layout_loops_ring, roderic_lattice_a, wad_woods_river_04
D:3:      wad_river_or_something, layout_basic,
          grunt_temple_overflow_lords_of_destruction, general_overflow_altar
D:4:      layout_loops_ring, fedhas_bush_and_centaur_altar, tgw_sif,
          okawaru_gym_becter, serial_shops, kennysheep_mini_moat,
          guppyfry_early_lair_pool
D:5:      layout_basic, serial_shops, nicolae_shop_behind_doors
D:6:      layout_loops_ring, minmay_temple_entry_poolview, fountainhead
D:7:      layout_basic, uniq_joseph
D:8:      layout_rooms, elyvilon_altar_3, serial_bayou_pond_e
D:9:      layout_rooms, grunt_lair_entry_orc_guard_hut, special_room
          [special_room_orc], basic_altar
D:10:     layout_layer_cave, special_room [special_room_bee],
          nemelex_xobeh_ov_fountains_minmay
Temple:   regret_index_temple_waves
Lair:1:   layout_hall_layers, fungi_pond_lemuel

Skill      XL: |  1  2  3  4  5  6  7  8  9 10 |
---------------+-------------------------------+-----
Conjurations   | 2 3 4 5 6 8 9 |  9.2
Fighting       | 1 2 3 5 6 |  6.9
Dodging        | 3 4 |  4.0
Air Magic      | 5 6 7 9 10 | 10.0
Spellcasting   | 3 4 5 6 |  6.6
Armour         | 2 4 5 |  5.0
Poison Magic   | 1 3 |  3.6
Long Blades    | |  0.4
Stealth        | |  2.0

Action                   |  1- 3 |  4- 6 |  7- 9 | 10-12 || total
-------------------------+-------+-------+-------+-------++-------
Melee: Dagger            |     5 |     1 |    52 |       ||    58
       Kick              |     1 |     1 |    32 |    33 ||    67
       Peck              |     1 |     1 |    22 |    27 ||    51
       Spear             |       |    20 |    40 |       ||    60
       Scimitar          |       |       |    26 |   116 ||   142
       Whip              |       |       |     2 |       ||     2
Throw: Dart              |       |       |     3 |       ||     3
 Cast: Shock             |    70 |   110 |   180 |    74 ||   434
       Airstrike         |       |       |     2 |     2 ||     4
       Static Discharge  |       |       |     5 |     5 ||    10
       Mephitic Cloud    |       |       |       |    13 ||    13
       Lightning Bolt    |       |       |       |     3 ||     3
       Frozen Ramparts   |       |       |       |     3 ||     3
 Abil: Fly               |       |     1 |       |       ||     1
Evoke: Wand              |       |     3 |     6 |     1 ||    10
  Use: Scroll            |       |     7 |    13 |    12 ||    32
       Potion            |       |     1 |     1 |     6 ||     8
 Stab: Sleeping          |       |     1 |     1 |       ||     2
       Confused          |       |       |       |     3 ||     3
       Distracted        |       |       |       |     1 ||     1
Armor: Robe              |     1 |     2 |       |       ||     3
       Ring mail         |       |     8 |    84 |    44 ||   136
Dodge: Dodged            |    22 |    54 |   153 |   135 ||   364
       Rpst.: Scimitar   |       |       |    10 |    46 ||    56
